 Dungeon Crawl Stone Soup version 0.18.1-1-g2f07953 (webtiles) character file.

940400 Gingerlord the Minotaur Barricade (level 27, 242/242 (243) HPs)
             Began as a Minotaur Fighter on May 7, 2016.
             Was the Champion of the Shining One.
             Drowned
             ... on level 7 of Cocytus.
             The game lasted 03:49:24 (65561 turns).

Gingerlord the Minotaur Barricade (MiFi)           Turns: 65561, Time: 03:49:25

HP:   242/242 (243) AC: 42    Str: 26    XL:     27
MP:   37/37         EV: 25    Int:  6    God:    the Shining One [******]
Gold: 6464          SH: 32    Dex: 21    Spells: 0 memorised, 26 levels left

rFire  + + +     SeeInvis .     z - +9 broad axe (holy)
rCold  + + .     Gourm    .     Y - +5 gold dragon armour
rNeg   + + +     Faith    .     F - +2 large shield
rPois  +         Spirit   .     W - +2 hat {MR+}
rElec  .         Dismiss  .     t - +0 cloak of Untold Secrets {rF+ MR+ Dex+3}
rCorr  .         Reflect  +     k - +2 pair of gloves
SustAt .         Harm     .     P - +3 pair of boots of Mowipnel {*Contam +Blink Regen+}
MR     +++++                    i - +2 amulet of reflection
Stlth  ..........               C - ring "Coehuid" {rC+ Int+3}
                                e - ring "Bouwk" {Fragile rF+ MR++ Slay+5}

@: very slightly contaminated, glowing, almost entirely resistant to hostile
enchantments, extremely unstealthy
A: retaliatory headbutt, horns 2, talons 1, iridescent scales 1, deformed body,
dopey 1, frail 1, screaming 1, no device heal 1
a: Divine Shield, Cleansing Flame, Summon Divine Warrior, Renounce Religion,
Evoke Blink
}: 8/15 runes: barnacled, slimy, silver, iron, obsidian, bone, abyssal, gossamer


You were on level 7 of Cocytus.
You worshipped the Shining One.
The Shining One was exalted by your worship.
You were not hungry.

You visited 17 branches of the dungeon, and saw 89 of its levels.
You visited the Abyss 2 times.
You also visited: Labyrinth, Ice Cave and Wizlab.

You collected 8810 gold pieces.
You spent 2346 gold pieces at shops.

Inventory:

Hand Weapons
 a - a +7 demon blade
 z - a +9 broad axe of holy wrath (weapon)
 T - the +10 broad axe of Linearity {chop, rElec rPois Int+2}
   (Okawaru gifted it to you on level 8 of the Lair of Beasts)

   It inflicts extra damage upon your enemies.
   It affects your intelligence (+2).
   It insulates you from electricity.
   It protects you from poison.
Armour
 k - a +2 pair of gloves (worn)
 t - the +0 cloak of Untold Secrets (worn) {rF+ MR+ Dex+3}
   (Okawaru gifted it to you on level 6 of the Lair of Beasts)

   It affects your dexterity (+3).
   It protects you from fire.
   It affects your resistance to hostile enchantments.
 v - the +0 cloak of Azuakk {MR- rCorr Dex+7 Stlth+}
   (You found it on level 7 of Gehenna)

   It affects your dexterity (+7).
   It affects your resistance to hostile enchantments.
   It protects you from acid and corrosion.
   It makes you more stealthy.
 F - a +2 large shield (worn)
 P - the +3 pair of boots of Mowipnel (worn) {*Contam +Blink Regen+}
   (You acquired it on level 3 of the Shoals)

   It lets you blink.
   It causes magical contamination when unequipped.
   It increases your rate of regeneration.
 W - a +2 hat of magic resistance (worn)
 Y - a +5 gold dragon armour (worn)
Rods
 g - a +3 iron rod (12/12)
   (You took it off a balrug on level 7 of Gehenna)
 E - a +3 rod of inaccuracy (13/13)
   (You found it on level 3 of the Crypt)
 G - a +6 iron rod (13/13)
   (You found it on level 8 of the Lair of Beasts)
Jewellery
 e - the ring "Bouwk" (left hand) {Fragile rF+ MR++ Slay+5}
   (You found it on level 6 of the Pits of Slime)

   [ring of slaying]

   It affects your accuracy and damage with ranged weapons and melee attacks
   (+5).
   It protects you from fire.
   It affects your resistance to hostile enchantments.
   It will be destroyed if unequipped.
 h - the amulet of Cowardice {Dismiss rElec Str+5}
   (You found it on level 7 of Cocytus)

   [amulet of dismissal]

   It may teleport away creatures that harm you.
   It affects your strength (+5).
   It insulates you from electricity.
 i - a +2 amulet of reflection (around neck)
 m - the amulet of the Tick {Spirit rElec rF+ Dex+2}
   (You took it off a crimson imp on level 7 of Gehenna)

   [amulet of guardian spirit]

   It causes incoming damage to be split between your health and magic.
   It affects your dexterity (+2).
   It protects you from fire.
   It insulates you from electricity.
 s - the ring "Plog" {rPois rN+ MP+9}
   (You found it on level 1 of the Depths)

   [ring of magical power]

   It protects you from poison.
   It protects you from negative energy.
   It affects your magic capacity (+9).
 C - the ring "Coehuid" (right hand) {rC+ Int+3}
   (You found it on level 6 of the Pits of Slime)

   [ring of protection from cold]

   It affects your intelligence (+3).
   It protects you from cold.
 R - the ring "Hijuk" {+Fly Int+4 Slay+3}
   (You found it on level 6 of the Pits of Slime)

   [ring of flight]

   It affects your intelligence (+4).
   It affects your accuracy and damage with ranged weapons and melee attacks
   (+3).
   It lets you fly.
 Z - an uncursed ring of resist corrosion
Wands
 x - a wand of teleportation (8/9)
 L - a wand of digging (23/24)
 U - a wand of teleportation (8/9)
Scrolls
 b - 16 scrolls of recharging
 c - a scroll of holy word
 j - 21 scrolls of teleportation
 o - 7 scrolls of blinking
 p - 26 scrolls of remove curse
 q - 5 scrolls of enchant weapon
 u - 4 scrolls of fog
 w - 9 scrolls of identify
 y - 8 scrolls of fear
 K - 2 scrolls of brand weapon
Potions
 d - 16 potions of curing
 r - 4 potions of magic
 A - 5 potions of brilliance
 D - 6 potions of resistance
 H - 3 potions of cancellation
 I - 7 potions of might
 J - 3 potions of flight
 N - 2 potions of haste
 S - 2 potions of agility
 X - 2 potions of berserk rage
Miscellaneous
 n - a legendary deck of changes {the Mercenary}
 M - a legendary deck of wonders {Dowsing}
 O - a legendary deck of wonders {the Mercenary}
Comestibles
 f - 40 bread rations
 l - 21 meat rations
 B - 28 fruits


   Skills:
 + Level 26.6 Fighting
 + Level 19.2 Axes
 - Level 25.9 Armour
 O Level 27 Dodging
 O Level 27 Shields
 * Level 22.9 Invocations
 - Level 15.2 Evocations


You had 26 spell levels left.
You didn't know any spells.

Dungeon Overview and Level Annotations

Branches:
Dungeon (15/15)            Temple (1/1) D:7            Lair (8/8) D:9
 Shoals (4/4) Lair:3       Spider (4/4) Lair:6        Slime (6/6) Lair:7
    Orc (2/2) D:9             Elf (3/3) Orc:2        Vaults (5/5) D:13
  Crypt (3/3) Vaults:3       Tomb (0/3) Crypt:3      Depths (5/5) D:15
   Hell (1/1)                 Dis (7/7) Hell            Geh (7/7) Hell
    Coc (7/7) Hell            Tar (7/7) Hell            Zot (5/5) Depths:5

Altars:
Ashenzari
Cheibriados
Dithmenos
Elyvilon
Fedhas
Gozag
Kikubaaqudgha
Makhleb
Nemelex Xobeh
Okawaru
Pakellas
Qazlal
Ru
Sif Muna
Trog
Vehumet
Xom
Yredelemnul
Zin
The Shining One
Jiyva

Shops:
D:4 !   D:14 !   Orc:2 !?}[   Vaults:1 }((   Vaults:4 (?:   Vaults:5 (

Portals:
Hell: Depths:1 Depths:2 Depths:3 Depths:4 Depths:5
Abyss: Depths:1 Depths:4
Pandemonium: Orc:2 Depths:3
Ziggurat: Depths:5
Trove: Vaults:2 (give +7 demon blade)

Annotations:
Depths:3 6 runed doors


Innate Abilities, Weirdness & Mutations

You reflexively headbutt those who attack you in melee.
You have a pair of horns on your head.
You have sharp toenails.
You are partially covered in iridescent scales (AC +4).
Armour fits poorly on your strangely shaped body.
You are dopey. (Int -2)
You are frail (-10% HP).
You occasionally shout uncontrollably at your foes.
Potions and wands are less effective at restoring your health.


Message History

The ice devil is smitten.
You block the reaper's attack.
Your daeva calls down the wrath of the Shining One upon the ice devil.
The ice devil is smitten.
The ice devil dies!
The Shining One accepts your kill.
You hear a distant "Zot"!
You block the reaper's attack.
Your daeva calls down the wrath of the Shining One upon the reaper.
The reaper is smitten.
You feel a terrible foreboding...
An Ice Fiend, a flying skull and a skeleton come into view.
The reaper whispers, "Time's up, Gingerlord!"
You block the Ice Fiend's attack. x2
Are you sure you want to fly over deep water while you are losing your buoyancy? [Y]es or [N]o only, please.
Are you sure you want to fly over deep water while you are losing your buoyancy?
You float gracefully downwards.
You fall into the water!
You sink like a stone!
You drown...
You die...

#≈≈≈≈≈.≈≈≈≈≈≈≈≈≈..≈≈≈≈≈≈≈
#≈≈≈≈≈≈≈≈≈≈≈≈#≈≈..≈≈≈≈≈≈≈
#≈≈≈≈≈≈≈≈≈≈≈##≈≈..≈≈≈≈≈≈≈
#≈≈≈≈≈≈.≈≈≈≈##≈≈..≈≈≈≈≈≈≈
#≈≈≈≈≈≈.≈≈≈≈##≈≈.≈≈≈≈≈≈≈≈
#≈≈≈≈≈..≈≈≈≈##≈≈.≈≈≈≈≈≈≈≈
#≈≈≈≈≈...≈≈≈##≈≈≈≈≈≈≈≈≈≈≈
#≈≈≈≈....≈≈≈##≈≈≈≈≈≈≈≈≈≈≈
#≈≈≈≈....≈≈≈#≈≈≈@≈.≈≈≈≈≈≈
#≈≈≈≈....≈≈≈#≈≈≈≈...≈≈≈≈≈≈
#≈≈≈≈....≈≈≈#≈≈≈Z1..≈≈≈≈≈≈
#≈≈≈≈....≈≈≈#≈≈≈≈z..≈≈≈≈≈≈
#≈≈≈.....≈≈≈#≈≈≈≈2...≈≈≈≈≈
#≈≈≈....≈≈≈≈#≈≈≈.....≈≈≈≈≈
#≈≈≈....≈≈≈≈#≈≈≈.....≈≈≈≈≈
#≈≈≈....≈≈≈≈#≈≈≈.....≈≈≈≈≈≈
≈≈≈≈...^≈≈≈≈#≈≈≈..A..≈≈≈≈≈≈


You could see an Ice Fiend, a reaper, a flying skull and a golden dragon
skeleton.

Vanquished Creatures
  Asmodeus (Geh:7)
  the Royal Jelly (Slime:6)
  Ereshkigal (Tar:7)
  4 ancient liches
  Dispater (Dis:7)
  2 orbs of fire (Zot:5)
  Mennas (Depths:5)
  2 juggernauts
  Sojobo (Depths:4)
  6 shard shrikes
  Saint Roka (Vaults:4)
  Margery (Depths:5)
  A curse toe (Zot:5)
  3 Killer Klowns (Zot:5)
  Geryon (Hell)
  Nikola (Shoals:1)
  4 golden dragons
  Jory (Depths:4)
  7 bone dragons
  A profane servitor (Crypt:3)
  4 iron giants
  4 doom hounds
  3 electric golems
  13 Tzitzimimeh
  10 Brimstone Fiends
  The ghost of butimsolazy the Executioner, an adept MiBe of Trog (Slime:6)
  Rupert (Spider:1)
  7 liches
  5 Ice Fiends
  8 tentacled monstrosities
  6 Hell Sentinels
  22 Orb Guardians (Zot:5)
  4 quicksilver dragons
  9 deep elf blademasters
  Asterion (Spider:3)
  6 deep elf master archers
  3 eldritch tentacles
  16 acid blobs
  21 titans
  7 ancient champions
  2 death cobs
  4 sphinxes
  3 tentacled starspawn
  Frances (Elf:1)
  3 Executioners
  10 shadow dragons
  Agnes (D:14)
  9 storm dragons
  12 tengu reavers
  Roxanne (D:14)
  2 draconian monks
  5 revenants
  Ilsuiw (Shoals:4)
  11 frost giants
  4 azure jellies
  Maud (D:13)
  19 fire giants
  2 draconian knights
  7 iron dragons
  Wiglaf (Elf:3)
  Aizul (Spider:1)
  3 draconian scorchers
  6 ghost moths
  5 emperor scorpions
  A cacodemon (Dis:7)
  5 draconian zealots
  9 balrugs
  3 draconian shifters
  29 reapers
  8 deep elf elementalists
  11 vault wardens
  12 deep elf sorcerers
  A draconian annihilator (Zot:4)
  6 ghouls
  15 ironheart preservers
  9 spriggan defenders
  2 curse skulls
  21 very ugly things
  3 elemental wellsprings
  42 stone giants
  13 war gargoyles
  13 vampire knights
  13 salamander stormcallers
  12 deep elf demonologists
  11 green draconians
  A dire elephant (D:15)
  A lorocyproca (Dis:6)
  2 yellow draconians
  4 red draconians
  10 purple draconians
  A white draconian (Zot:4)
  7 mottled draconians
  4 deep elf annihilators
  3 black draconians
  7 merfolk javelineers
  2 spark wasps (Spider:4)
  14 blizzard demons
  2 crystal guardians (Elf:3)
  The ghost of lakren the Severer, a journeyman HOFi of Beogh (Orc:2)
  15 eidola
  17 ettins
  9 statues (WizLab)
  Snorg (Lair:3)
  7 small abominations
  13 deep elf death magi
  8 quicksilver dragon zombies
  A kraken zombie (Coc:7)
  4 death oozes (Slime:6)
  10 fire dragons
  A mummy priest (Crypt:3)
  24 vault guards (Vaults:4)
  A minotaur (Lab)
  6 jiangshi
  16 yaktaur captains
  3 rakshasas
  7 entropy weavers
  7 merfolk impalers
  A great orb of eyes (shapeshifter) (Vaults:5)
  Harold (D:10)
  Josephine (Lair:5)
  10 great orbs of eyes
  9 deep elf high priests
  5 spriggan air magi
  A ghost crab (Tar:3)
  The ghost of murtidash the Bludgeoner, a novice OgAE of Trog (D:10)
  25 ice dragons
  6 hydras
  2 alligator snapping turtles
  A satyr (Shoals:3)
  A ghost crab (shapeshifter) (Depths:1)
  A catoblepas (Lair:4)
  6 death knights
  12 centaur warriors
  17 ogre magi
  18 tengu warriors
  12 deep troll shamans
  5 merfolk aquamancers
  14 deep troll earth magi
  33 hell hogs
  7 thrashing horrors (Abyss:5)
  6 titan zombies
  25 dancing weapons
  12 death yaks
  13 spriggan berserkers (Depths:4)
  8 vampire magi
  A hell hog (shapeshifter) (Vaults:5)
  6 orc high priests
  Sonja (D:14)
  30 deep elf knights
  14 soul eaters
  12 sun demons
  89 skeletal warriors
  2 storm dragon zombies
  3 titan skeletons
  7 sea snakes
  A spectral emperor scorpion (Spider:4)
  2 fire crabs
  44 deep trolls
  4 shadow wraiths
  7 iron golems (Dis:6)
  56 hell knights
  13 iron trolls
  2 storm dragon skeletons
  5 anaconda zombies
  4 shadow demons
  4 golden dragon zombies
  8 death scarabs (Spider:4)
  2 unseen horrors (shapeshifter)
  3 death drakes
  7 large abominations
  12 unseen horrors
  3 spriggan druids (Depths:2)
  A kraken simulacrum (Coc:2)
  16 flayed ghosts
  16 starcursed masses
  17 deep elf archers
  An infernal demonspawn (Orc:2)
  A gelid demonspawn (Orc:2)
  4 giant orange brains
  4 shadow dragon zombies
  A sphinx zombie (Crypt:2)
  2 torturous demonspawn (Orc:2)
  32 phantasmal warriors
  A golden dragon skeleton (Geh:6)
  9 necromancers
  3 wizards
  4 hill giants
  A lindwurm (shapeshifter) (Depths:2)
  A shadow dragon skeleton (Geh:7)
  19 ironbrand convokers
  3 spectral wolf spiders (Spider:4)
  5 anaconda skeletons
  An iron dragon zombie (Geh:5)
  26 wolf spiders
  18 harpies
  4 wolf spiders (shapeshifter)
  93 deep elf magi
  54 ugly things
  22 orc knights
  12 orb spiders
  11 orc sorcerers
  7 stone giant zombies
  14 fauns
  5 fire giant zombies
  5 wolf spider zombies
  8 cyclopes
  6 frost giant zombies
  13 moths of wrath
  9 manticores
  11 hornets
  A moth of wrath (shapeshifter) (Depths:1)
  3 griffons
  5 shining eyes
  A sixfirhy (Abyss:3)
  5 fire giant skeletons
  3 iron dragon skeletons
  4 octopodes (shapeshifter)
  17 salamanders
  3 water nymphs
  8 sirens
  A stone giant skeleton (Tar:7)
  4 dire elephant zombies
  4 black mambas
  A frost giant skeleton (Geh:5)
  2 black mambas (shapeshifter)
  47 rust devils
  5 eyes of devastation
  2 naga magi (Vaults:2)
  8 molten gargoyles
  11 vault sentinels
  2 gargoyles
  7 ice statues
  2 shock serpent skeletons
  12 spiny frogs
  An orange demon (Orc:2)
  A spriggan zombie (Hell)
  2 emperor scorpion zombies
  3 kobold demonologists
  A purple draconian zombie (Crypt:1)
  A komodo dragon (shapeshifter) (Elf:3)
  25 hellions
  2 rime drakes
  2 spiny frogs (shapeshifter)
  34 tormentors
  19 demonic crawlers
  31 freezing wraiths
  A black draconian zombie (Tar:6)
  2 dire elephant skeletons
  4 komodo dragons
  58 yaktaurs
  9 tengu conjurers
  A minotaur zombie (Lab)
  A green draconian skeleton (Crypt:1)
  7 efreet
  17 red devils
  An ancient zyme (Abyss:5)
  13 hydra zombies
  A yaktaur skeleton (Depths:1)
  2 redback zombies
  A catoblepas zombie (Dis:5)
  37 jumping spiders
  A queen bee (Lair:5)
  A harpy zombie (Crypt:3)
  2 silent spectres
  19 merfolk
  25 ice devils
  9 polar bears
  A wind drake (shapeshifter) (Elf:3)
  A tengu simulacrum (Depths:4)
  25 two-headed ogres
  A wind drake (Shoals:4)
  A two-headed ogre (shapeshifter) (Vaults:3)
  13 trolls
  2 jumping spiders (shapeshifter)
  A boulder beetle (shapeshifter) (Vaults:4)
  An entropy weaver zombie (Hell)
  5 snapping turtles
  2 spectral jumping spiders (Spider:4)
  A minotaur skeleton (Coc:5)
  A satyr zombie (Crypt:2)
  A tarantella zombie (Spider:4)
  4 spectral hornets (Spider:4)
  5 raiju (Lair:8)
  4 bog bodies
  2 ushabtiu (Crypt:3)
  7 ice dragon zombies
  5 fire dragon zombies
  2 hornet zombies (Spider:4)
  8 alligator zombies
  19 blink frogs
  A deep troll zombie (Hell)
  2 fire giant simulacra
  7 hydra skeletons
  A sphinx simulacrum (Vaults:3)
  A harpy skeleton (Geh:5)
  99 slime creatures
  A frost giant simulacrum (Depths:4)
  2 black mamba zombies
  11 boulder beetles
  6 ettin skeletons
  3 spectral tarantellas (Spider:4)
  4 ettin zombies
  5 ice dragon skeletons
  74 redbacks
  4 fire dragon skeletons
  Sigmund (D:2)
  29 shadows
  70 yaks
  33 tarantellas
  80 flying skulls
  A vampire (D:11)
  2 ynoxinuls (Orc:2)
  A human (shapeshifter) (Vaults:1)
  3 alligator skeletons
  4 air elementals
  17 spriggans
  3 wyverns
  A black mamba skeleton (Geh:4)
  A basilisk (shapeshifter) (Vaults:3)
  18 fire elementals
  49 wraiths
  23 water elementals
  Eustachio (D:4)
  8 fire bats
  A golden eye (shapeshifter) (Vaults:3)
  6 golden eyes (Slime:5)
  10 hippogriffs
  4 hungry ghosts
  5 basilisks
  A hog (shapeshifter) (Vaults:1)
  A human simulacrum (Vaults:2)
  A chaos spawn (Orc:2)
  5 mottled dragons
  A hill giant skeleton (Crypt:1)
  3 neqoxecs
  Menkaure (D:4)
  A mottled dragon (shapeshifter) (Depths:1)
  9 vampire mosquitoes
  29 wargs
  A merfolk zombie (Dis:7)
  A soldier ant (D:12)
  An elf skeleton (Vaults:1)
  A soldier ant (shapeshifter) (Elf:1)
  61 hell hounds
  15 water moccasins
  11 porcupines
  10 spiny frog zombies
  17 ice beasts
  A torturous demonspawn skeleton (Crypt:1)
  A giant eyeball (Depths:1)
  Duvessa (D:4)
  A spiny frog skeleton (Coc:6)
  An infernal demonspawn skeleton (Geh:2)
  3 sky beasts
  60 orc warriors
  18 wasps
  36 necrophages
  An alligator simulacrum (Hell)
  12 phantoms
  A sky beast (shapeshifter) (Vaults:4)
  6 snapping turtle zombies
  14 black bears
  9 eyes of draining
  62 ogres
  6 boggarts
  32 wolves
  An eye of draining (shapeshifter) (Elf:2)
  16 centaurs
  A swamp dragon skeleton (Crypt:2)
  13 crocodiles
  2 manticore skeletons
  3 snapping turtle skeletons
  An orc skeleton (Vaults:1)
  Blork the orc (D:4)
  5 big kobolds
  A big kobold (shapeshifter) (Vaults:4)
  3 elf zombies
  An octopode zombie (Crypt:2)
  An earth elemental (Elf:1)
  11 giant frogs
  A glowing shapeshifter simulacrum (Vaults:3)
  Dowan (D:4)
  2 spiny frog simulacra (Coc:7)
  7 wyvern skeletons (Crypt:3)
  A water moccasin zombie (D:9)
  4 scorpions
  29 killer bees
  9 howler monkeys
  55 wights
  3 electric eels
  14 crimson imps
  38 jellies
  A yaktaur simulacrum (Vaults:1)
  6 giant frog zombies
  3 quasits
  3 centaur zombies
  19 hounds
  35 iron imps
  30 orc priests
  3 giant frog skeletons
  6 human zombies
  3 centaur skeletons
  32 orc wizards
  12 iguanas
  2 human skeletons
  A porcupine zombie (Crypt:2)
  3 hell rats
  8 worker ants
  A porcupine skeleton (Crypt:2)
  A naga zombie (Crypt:3)
  22 sheep
  An ogre zombie (Tar:6)
  An ogre skeleton (Tar:4)
  2 hound zombies
  4 mummies
  3 hound skeletons
  A worker ant zombie (D:5)
  A hell rat zombie (Crypt:2)
  14 adders
  8 gnolls
  92 river rats
  A steam dragon skeleton (Crypt:2)
  13 shadow imps
  6 white imps
  An iguana skeleton (Crypt:2)
  An iguana zombie (Crypt:1)
  An adder zombie (D:6)
  A halfling skeleton (Crypt:1)
  4 worms
  4 giant geckos
  148 orcs
  8 giant cockroaches
  3 goblins
  17 hobgoblins
  9 jackals
  3 quokkas
  4 ball pythons
  2 bats
  2 giant gecko skeletons (D:6)
  6 giant newts
  7 kobolds
  A kobold zombie (Geh:1)
  An orc zombie (D:11)
  34 rats
  5 crawling corpses
  4 fire vortices
  2 fungi
  11 plants
  A spectral weapon (Spider:3)
  6 starspawn tentacles
  A tentacle (Coc:2)
  3 withered plants (Crypt:3)
4292 creatures vanquished.

Vanquished Creatures (collateral kills)
  The ghost of ythm the Conqueror, a legendary MiBe of the Shining One (Dis:7)
  2 iron giants
  A Brimstone Fiend (Geh:7)
  A Tzitzimitl (Tar:7)
  An ancient champion (Dis:7)
  A balrug (Geh:7)
  A reaper (Tar:7)
  A stone giant (Dis:7)
  A blizzard demon (Dis:7)
  A sun demon (Geh:7)
  A flayed ghost (Geh:7)
  A wolf spider zombie (Dis:7)
  A shadow dragon skeleton (Geh:7)
  6 hellions (Geh:7)
  An ice devil (Coc:7)
  A red devil (Geh:7)
  3 flying skulls (Tar:7)
  A wraith (Dis:6)
  A black mamba skeleton (Geh:7)
  3 hell hounds (Geh:7)
  A human skeleton (Tar:7)
31 creatures vanquished.

Vanquished Creatures (others)
  A deep elf blademaster (Hell)
  4 deep elf master archers
  An eldritch tentacle (Dis:6)
  A fire giant (Crypt:1)
  A deep elf elementalist (Elf:3)
  3 stone giants
  A purple draconian (WizLab)
  A black draconian (Zot:3)
  2 merfolk javelineers (Shoals:4)
  4 yaktaur captains
  A caustic shrike simulacrum (Depths:4)
  A merfolk aquamancer (Shoals:4)
  A dancing weapon (Elf:2)
  A satyr (Shoals:4)
  A centaur warrior (Depths:5)
  A deep troll shaman (Depths:3)
  A hell hog (Geh:5)
  A thrashing horror (Abyss:5)
  A deep elf knight (Elf:1)
  A sun demon (Geh:7)
  A hell knight (Geh:7)
  A skeletal warrior (Depths:4)
  7 deep elf archers
  2 deep elf magi (Elf:1)
  2 cyclopes
  9 yaktaurs
  A storm dragon simulacrum (Depths:4)
  A tengu simulacrum (Depths:4)
  A merfolk (Shoals:1)
  2 wraiths
  4 hell hounds
  A giant eyeball (Depths:4)
  A necrophage (Tar:5)
  An ogre (Vaults:5)
  2 centaurs (Depths:3)
  A snapping turtle skeleton (Geh:5)
  An orc wizard (D:13)
  136 eldritch tentacle segments
  3 fungi
  17 lost souls
  2 lurking horrors (Abyss:5)
  22 plants
  7 starspawn tentacles
  87 starspawn tentacle segments
  3 tentacles (Coc:2)
  17 tentacle segments (Coc:2)
361 creatures vanquished.

Grand Total: 4684 creatures vanquished

Notes
Turn   | Place    | Note
--------------------------------------------------------------
     0 | D:1      | Gingerlord the Minotaur Fighter began the quest for the Orb.
     0 | D:1      | Reached XP level 1. HP: 19/19 MP: 0/0
   265 | D:1      | Reached XP level 2. HP: 23/27 MP: 1/1
   703 | D:2      | Reached XP level 3. HP: 23/33 MP: 2/2
  1039 | D:2      | Reached XP level 4. HP: 40/41 MP: 3/3
  1052 | D:2      | Noticed Sigmund
  1062 | D:2      | Killed Sigmund
  1062 | D:2      | Reached skill level 5 in Fighting
  1062 | D:2      | Reached skill level 5 in Shields
  1062 | D:2      | Reached XP level 5. HP: 28/48 MP: 4/4
  1613 | D:3      | Reached skill level 1 in Dodging
  1623 | D:3      | Reached skill level 5 in Armour
  2140 | D:4      | Reached XP level 6. HP: 56/56 MP: 5/5
  2161 | D:4      | Noticed Eustachio
  2187 | D:4      | Killed Eustachio
  2489 | D:4      | Reached XP level 7. HP: 37/61 MP: 6/6
  2781 | D:4      | Noticed Duvessa
  2783 | D:4      | Noticed Menkaure
  2783 | D:4      | Noticed Dowan
  2798 | D:4      | Killed Duvessa
  3100 | D:4      | You fall through a shaft!
  3100 | D:5      | Entered Level 5 of the Dungeon
  3441 | D:4      | Found Yseriozu's Distillery.
  3444 | D:4      | Noticed Blork the orc
  3452 | D:4      | Killed Blork the orc
  3456 | D:4      | Bought a potion of heal wounds for 70 gold pieces
  3456 | D:4      | Bought a potion of heal wounds for 70 gold pieces
  3456 | D:4      | Bought a potion of heal wounds for 70 gold pieces
  3551 | D:4      | Reached skill level 5 in Axes
  3551 | D:4      | Reached XP level 8. HP: 60/71 MP: 7/7
  3836 | D:4      | Killed Menkaure
  3899 | D:4      | Killed Dowan
  5051 | D:6      | Reached XP level 9. HP: 41/79 MP: 8/8
  5398 | D:6      | Reached skill level 5 in Dodging
  5749 | D:7      | Found a sacrificial altar of Ru.
  6223 | D:7      | Found a snail-covered altar of Cheibriados.
  6233 | D:7      | Found a glowing silver altar of Zin.
  6790 | D:7      | Found a staircase to the Ecumenical Temple.
  6889 | Temple   | Entered the Ecumenical Temple
  6928 | Temple   | Became a worshipper of Warmaster Okawaru
  7288 | D:8      | Reached XP level 10. HP: 90/90 MP: 9/9
  7524 | D:8      | Reached * piety under Okawaru
  7999 | D:9      | Found a staircase to the Lair.
  8017 | D:9      | Reached ** piety under Okawaru
  8510 | D:9      | Reached *** piety under Okawaru
  8664 | D:9      | Found a staircase to the Orcish Mines.
  8756 | Lair:1   | Entered Level 1 of the Lair of Beasts
  8756 | Lair:1   | Noticed a spiny frog
  8841 | Lair:1   | Killed a spiny frog
  8841 | Lair:1   | Reached skill level 10 in Shields
  9056 | Lair:1   | Reached **** piety under Okawaru
  9099 | Lair:1   | Noticed a spiny frog
  9103 | Lair:1   | Killed a spiny frog
  9103 | Lair:1   | Reached skill level 10 in Fighting
  9103 | Lair:1   | Reached skill level 10 in Armour
  9126 | Lair:1   | Reached XP level 11. HP: 86/99 MP: 10/10
  9204 | Lair:1   | Reached ***** piety under Okawaru
  9927 | Lair:1   | Received a gift from Okawaru
 10008 | Lair:2   | You fall through a shaft for 2 floors!
 10053 | Lair:4   | Reached skill level 1 in Invocations
 10407 | Lair:4   | Got a jewelled whip
 10408 | Lair:4   | Identified the +7 whip of Kuniv {slash, rF- MR+++ Str+4 Stlth-} (You found it on level 4 of the Lair of Beasts)
 10424 | Lair:4   | Noticed a catoblepas
 10458 | Lair:4   | Killed a catoblepas
 10458 | Lair:4   | Received a gift from Okawaru
 10458 | Lair:4   | Reached skill level 10 in Axes
 11609 | Lair:2   | Reached skill level 5 in Invocations
 12241 | Lair:3   | Found a glowing silver altar of Zin.
 12463 | Lair:3   | Reached XP level 12. HP: 110/110 MP: 15/15
 12617 | Lair:3   | Found a staircase to the Shoals.
 12620 | Lair:3   | Noticed Snorg
 12638 | Lair:3   | Killed Snorg
 12768 | Lair:3   | Received a gift from Okawaru
 13178 | Lair:4   | Found a shimmering altar of Xom.
 13599 | Lair:5   | Noticed Josephine
 13613 | Lair:5   | Killed Josephine
 13752 | Lair:5   | Received a gift from Okawaru
 14072 | Lair:6   | Found a hole to the Spider Nest.
 14106 | Lair:6   | Found a labyrinth entrance.
 14129 | Lab      | Entered a labyrinth
 14367 | Lab      | Noticed a minotaur
 14378 | Lab      | Killed a minotaur
 14442 | Lair:6   | Noticed a six-headed hydra
 14443 | Lair:6   | Noticed a death yak
 14443 | Lair:6   | Noticed a death yak
 14444 | Lair:6   | Noticed a death yak
 14444 | Lair:6   | Noticed a death yak
 14465 | Lair:6   | Noticed a death yak
 14468 | Lair:6   | Noticed a death yak
 14469 | Lair:6   | Killed a six-headed hydra
 14481 | Lair:6   | Killed a death yak
 14490 | Lair:6   | Killed a death yak
 14490 | Lair:6   | Received a gift from Okawaru
 14496 | Lair:6   | Killed a death yak
 14496 | Lair:6   | Reached XP level 13. HP: 106/119 MP: 10/18
 14529 | Lair:6   | Got a slimy cloak {god gift}
 14535 | Lair:6   | Identified the +0 cloak of Untold Secrets {rF+ MR+ Dex+3} (Okawaru gifted it to you on level 6 of the Lair of Beasts)
 15329 | Lair:7   | Found a viscous altar of Jiyva.
 15329 | Lair:7   | Found a staircase to the Slime Pits.
 15400 | Lair:7   | Reached ****** piety under Okawaru
 15656 | Lair:7   | Reached skill level 10 in Dodging
 16073 | Lair:8   | Entered Level 8 of the Lair of Beasts
 16459 | Lair:8   | Received a gift from Okawaru
 16510 | Lair:8   | Got a polished broad axe {god gift}
 16515 | Lair:8   | Identified the +10 broad axe of Linearity {chop, rElec rPois Int+2} (Okawaru gifted it to you on level 8 of the Lair of Beasts)
 17061 | Lair:8   | Received a gift from Okawaru
 17293 | Lair:8   | Reached XP level 14. HP: 118/130 MP: 19/19
 17314 | Lair:8   | Received a gift from Okawaru
 17663 | Orc:1    | Entered Level 1 of the Orcish Mines
 18124 | Orc:2    | Entered Level 2 of the Orcish Mines
 18124 | Orc:2    | Found a staircase to the Elven Halls.
 18143 | Orc:2    | Noticed lakren's ghost (journeyman HOFi)
 18150 | Orc:2    | Killed lakren's ghost
 18649 | Orc:2    | Found Wete's Distillery.
 18652 | Orc:2    | Found Efuf's Magic Scroll Boutique.
 18676 | Orc:2    | Gained mutation: You are frail (-10% HP). [a neqoxec]
 18785 | Orc:2    | Bought a potion of heal wounds for 80 gold pieces
 18785 | Orc:2    | Bought a potion of agility for 64 gold pieces
 18785 | Orc:2    | Bought a potion of might for 64 gold pieces
 18785 | Orc:2    | Bought a potion of haste for 160 gold pieces
 18785 | Orc:2    | Bought a potion of heal wounds for 80 gold pieces
 19225 | Orc:2    | Paralysed by an orc sorcerer for 6 turns
 19589 | Orc:2    | Found Cofel's Gadget Shoppe.
 19589 | Orc:2    | Found Amiutret's Antique Armour Emporium.
 19594 | Orc:2    | Found a one-way gate leading to the halls of Pandemonium.
 19635 | Orc:2    | Bought a scroll of enchant weapon for 97 gold pieces
 19635 | Orc:2    | Bought a scroll of enchant weapon for 97 gold pieces
 19635 | Orc:2    | Bought a scroll of identify for 26 gold pieces
 19635 | Orc:2    | Bought a scroll of enchant weapon for 97 gold pieces
 19635 | Orc:2    | Bought a scroll of identify for 26 gold pieces
 19635 | Orc:2    | Bought a scroll of magic mapping for 45 gold pieces
 19635 | Orc:2    | Bought a scroll of identify for 26 gold pieces
 19635 | Orc:2    | Bought a scroll of enchant weapon for 97 gold pieces
 19756 | D:10     | Entered Level 10 of the Dungeon
 19792 | D:10     | Gained mutation: You are partially covered in iridescent scales (AC +4). [potion of beneficial mutation]
 19793 | D:10     | Gained mutation: You are agile. (Dex +2) [potion of beneficial mutation]
 19815 | D:10     | Noticed murtidash's ghost (novice OgAE)
 19826 | D:10     | Killed murtidash's ghost
 19910 | D:10     | Noticed Harold
 19920 | D:10     | Killed Harold
 19920 | D:10     | Received a gift from Okawaru
 20087 | D:10     | Reached skill level 15 in Fighting
 20713 | D:11     | Reached XP level 15. HP: 123/126 MP: 20/20
 20996 | D:11     | Found a frozen archway.
 21008 | IceCv    | Entered an ice cave
 21051 | IceCv    | Got a warped diamond amulet
 21053 | IceCv    | Identified the amulet of Cuaqor {+Rage MP+9 Int+4} (You found it in an ice cave)
 21067 | D:11     | Identified a scroll of acquirement
 21228 | D:11     | Found an ancient bone altar of Kikubaaqudgha.
 21952 | D:12     | Received a gift from Okawaru
 22141 | D:12     | Reached skill level 15 in Axes
 22222 | D:10     | Got a transparent broad axe {god gift}
 22223 | D:10     | Identified the +8 broad axe of the Tent {antimagic, Int+2} (Okawaru gifted it to you on level 10 of the Dungeon)
 22709 | D:13     | Found a gate to the Vaults.
 22902 | D:13     | Noticed Maud
 22917 | D:13     | Killed Maud
 22917 | D:13     | Reached skill level 15 in Armour
 23696 | D:14     | Noticed Sonja
 23707 | D:14     | Killed Sonja
 23751 | D:14     | Noticed Agnes
 23765 | D:14     | Killed Agnes
 23921 | D:14     | Found a radiant altar of Vehumet.
 24221 | D:14     | Noticed Roxanne
 24224 | D:14     | Found Lyom's Distillery.
 24235 | D:14     | Bought a potion of heal wounds for 65 gold pieces
 24235 | D:14     | Bought a potion of curing for 39 gold pieces
 24235 | D:14     | Bought a potion of beneficial mutation for 455 gold pieces
 24235 | D:14     | Bought a potion of might for 52 gold pieces
 24235 | D:14     | Bought a potion of curing for 39 gold pieces
 24235 | D:14     | Bought 2 potions of curing for 78 gold pieces
 24235 | D:14     | Gained mutation: You have sharp toenails. [potion of beneficial mutation]
 24265 | D:14     | Killed Roxanne
 24326 | D:14     | Received a gift from Okawaru
 24524 | D:14     | Reached XP level 16. HP: 125/135 MP: 21/21
 24807 | D:15     | Entered Level 15 of the Dungeon
 24868 | D:15     | Found a staircase to the Depths.
 25303 | D:15     | Received a gift from Okawaru
 25992 | Spider:1 | Entered Level 1 of the Spider Nest
 26347 | Spider:1 | Noticed Aizul
 26368 | Spider:1 | Killed Aizul
 26627 | Spider:1 | Noticed Rupert
 26649 | Spider:1 | Killed Rupert
 27190 | Spider:2 | Received a gift from Okawaru
 27572 | Spider:3 | Reached XP level 17. HP: 132/144 MP: 22/22
 28131 | Spider:3 | Noticed Asterion
 28152 | Spider:3 | Killed Asterion
 28181 | Spider:4 | Entered Level 4 of the Spider Nest
 28573 | Spider:4 | Reached skill level 15 in Dodging
 28735 | Spider:4 | Received a gift from Okawaru
 28742 | Spider:4 | Got a bone broad axe {god gift}
 28743 | Spider:4 | Identified the +1 broad axe "Jurph" {chop, +Blink rPois MP+9 Dex-3} (Okawaru gifted it to you on level 4 of the Spider Nest)
 29536 | Spider:4 | Received a gift from Okawaru
 29565 | Spider:4 | Got a gossamer rune of Zot
 29882 | Shoals:1 | Entered Level 1 of the Shoals
 30047 | Shoals:1 | Noticed Nikola
 30068 | Shoals:1 | Killed Nikola
 30177 | Shoals:1 | Received a gift from Okawaru
 30190 | Shoals:1 | Cast into level 3 of the Abyss (merfolk)
 30237 | Abyss:3  | Reached XP level 18. HP: 151/154 MP: 23/23
 30268 | Abyss:3  | Noticed an ancient lich
 30311 | Abyss:3  | Killed an ancient lich
 30331 | Shoals:1 | Escaped the Abyss
 31619 | Shoals:4 | Entered Level 4 of the Shoals
 31661 | Shoals:4 | Received a gift from Okawaru
 31863 | Shoals:3 | Got a pair of polished boots
 31874 | Shoals:3 | Identified the +3 pair of boots of Mowipnel {*Contam +Blink Regen+} (You acquired it on level 3 of the Shoals)
 31893 | Shoals:4 | Noticed Ilsuiw
 31914 | Shoals:4 | Killed Ilsuiw
 32074 | Shoals:4 | Received a gift from Okawaru
 32120 | Shoals:4 | Got a barnacled rune of Zot
 32360 | Vaults:1 | Entered Level 1 of the Vaults
 32942 | Vaults:1 | Reached XP level 19. HP: 140/162 MP: 24/24
 32974 | Vaults:1 | Received a gift from Okawaru
 33128 | Vaults:1 | Reached skill level 15 in Shields
 33225 | Vaults:1 | Found Nuisan's Antique Weapon Shoppe.
 33272 | Vaults:1 | Found Fipeliq's Gadget Boutique.
 33356 | Vaults:1 | Found Ehourch's Antique Weapon Shoppe.
 34078 | Vaults:2 | Noticed a lich
 34082 | Vaults:2 | Killed a lich
 34412 | Vaults:2 | Found a radiant altar of Vehumet.
 34743 | Vaults:2 | Found a portal to a secret trove of treasure.
 35094 | Vaults:3 | Found a staircase to the Crypt.
 35196 | Vaults:3 | Received a gift from Okawaru
 35490 | Vaults:3 | Received a gift from Okawaru
 35668 | Vaults:3 | Reached XP level 20. HP: 173/173 MP: 25/25
 35677 | Vaults:3 | Reached skill level 1 in Evocations
 35802 | Vaults:3 | Received a gift from Okawaru
 36973 | Vaults:4 | Received a gift from Okawaru
 37202 | Vaults:4 | Found Wagof's Magic Scroll Shoppe.
 37202 | Vaults:4 | Found Bamiur's Antique Weapon Shoppe.
 37205 | Vaults:4 | Found Hatsif's Book Shoppe.
 37272 | Vaults:4 | Bought a scroll of summoning for 161 gold pieces
 37272 | Vaults:4 | Bought a scroll of enchant weapon for 127 gold pieces
 37272 | Vaults:4 | Bought a scroll of enchant weapon for 127 gold pieces
 37272 | Vaults:4 | Bought a scroll of identify for 34 gold pieces
 37792 | Vaults:5 | Entered Level 5 of the Vaults
 37817 | Vaults:4 | Reached skill level 5 in Evocations
 38056 | Vaults:4 | Reached XP level 21. HP: 96/181 MP: 26/26
 38058 | Vaults:4 | Received a gift from Okawaru
 38274 | Vaults:5 | Noticed Saint Roka
 38724 | Vaults:4 | Killed Saint Roka
 38724 | Vaults:4 | Received a gift from Okawaru
 38791 | Vaults:5 | Noticed a golden dragon
 39169 | Vaults:5 | Noticed a golden dragon
 39174 | Vaults:5 | Killed a golden dragon
 39455 | Vaults:5 | Received a gift from Okawaru
 39476 | Vaults:5 | Got a scorched broad axe {god gift}
 39482 | Vaults:5 | Identified the +2 broad axe of Darkness {venom, rN+ Str+5} (Okawaru gifted it to you on level 5 of the Vaults)
 39788 | Vaults:5 | Reached XP level 22. HP: 145/191 MP: 27/27
 39797 | Vaults:5 | Found Olosmipn's Weapon Emporium.
 39828 | Vaults:5 | Received a gift from Okawaru
 39891 | Vaults:5 | Killed a golden dragon
 40038 | Vaults:5 | Got a silver rune of Zot
 40440 | Elf:1    | Entered Level 1 of the Elven Halls
 40668 | Elf:1    | Received a gift from Okawaru
 40715 | Elf:1    | Noticed Frances
 40730 | Elf:1    | Killed Frances
 41560 | Elf:2    | Found a runed gate.
 41560 | Elf:2    | Found a runed gate.
 41560 | Elf:2    | Found a runed gate.
 42251 | Elf:3    | Entered Level 3 of the Elven Halls
 42251 | Elf:3    | Noticed Wiglaf
 42261 | Elf:3    | Killed Wiglaf
 42286 | Elf:3    | Received a gift from Okawaru
 42661 | Elf:3    | Reached XP level 23. HP: 104/200 MP: 29/29
 43574 | Depths:1 | Entered Level 1 of the Depths
 43670 | Depths:1 | Reached skill level 10 in Evocations
 44070 | Depths:1 | Found a one-way gate to the infinite horrors of the Abyss.
 44126 | Depths:1 | Received a gift from Okawaru
 44144 | Depths:1 | Got an ancient marble ring
 44145 | Depths:1 | Identified the ring "Plog" {rPois rN+ MP+9} (You found it on level 1 of the Depths)
 44294 | Depths:1 | Found a gateway to Hell.
 45206 | Depths:2 | Received a gift from Okawaru
 45974 | Depths:3 | Reached XP level 24. HP: 200/210 MP: 30/30
 46199 | Depths:3 | Found a runed gate.
 46199 | Depths:3 | Found a runed gate.
 46199 | Depths:3 | Found a runed gate.
 46488 | Depths:3 | Noticed a juggernaut
 46502 | Depths:3 | Killed a juggernaut
 46527 | Depths:3 | Found a runed gate.
 46527 | Depths:3 | Found a runed gate.
 46527 | Depths:3 | Found a runed gate.
 46684 | Depths:3 | Found an iron altar of Okawaru.
 46768 | Depths:4 | Received a gift from Okawaru
 46881 | Depths:4 | Found a snail-covered altar of Cheibriados.
 47009 | Depths:4 | Noticed a juggernaut
 47029 | Depths:4 | Killed a juggernaut
 47058 | Depths:4 | Found a shadowy altar of Dithmenos.
 47457 | Depths:4 | Found a white marble altar of Elyvilon.
 47592 | Depths:4 | Received a gift from Okawaru
 47683 | Depths:4 | Found a deep blue altar of Sif Muna.
 47751 | Depths:4 | Noticed Sojobo
 47770 | Depths:4 | Killed Sojobo
 47770 | Depths:4 | Reached XP level 25. HP: 184/220 MP: 25/31
 48075 | Depths:4 | Noticed Jory
 48093 | Depths:4 | Killed Jory
 48341 | Depths:5 | Entered Level 5 of the Depths
 48346 | Depths:5 | Noticed Mennas
 48366 | Depths:5 | Killed Mennas
 48409 | Depths:5 | Received a gift from Okawaru
 48487 | Depths:5 | Noticed Margery
 48502 | Depths:5 | Killed Margery
 48669 | Depths:5 | Found a gate to the Realm of Zot.
 48779 | Depths:5 | Got a spiked cloak
 48799 | Depths:5 | Identified the +1 cloak "Noelugg" {*Corrode rElec Int+7 Stlth+} (You found it on level 5 of the Depths)
 49137 | Depths:5 | Found a gateway to a ziggurat.
 49333 | Zot:1    | Entered Level 1 of the Realm of Zot
 49709 | Zot:3    | Received a gift from Okawaru
 49912 | Zot:4    | Reached XP level 26. HP: 225/230 MP: 32/32
 50023 | Zot:5    | Entered Level 5 of the Realm of Zot
 50124 | Zot:5    | Received a gift from Okawaru
 50248 | Zot:5    | Noticed an ancient lich
 50252 | Zot:5    | Cast into level 5 of the Abyss (an ancient lich)
 50252 | Abyss:5  | Entered Level 5 of the Abyss
 50254 | Abyss:5  | Got an abyssal rune of Zot
 50453 | Abyss:5  | Lost mutation: You are agile. (Dex +2) [a neqoxec]
 50478 | Zot:5    | Escaped the Abyss
 50485 | Zot:5    | Killed an ancient lich
 50750 | Zot:5    | Received a gift from Okawaru
 50813 | Zot:5    | Noticed an orb of fire
 50824 | Zot:5    | Gained mutation: Armour fits poorly on your strangely shaped body. [an orb of fire]
 50832 | Zot:5    | Killed an orb of fire
 50833 | Zot:5    | Noticed an orb of fire
 50844 | Zot:5    | Killed an orb of fire
 51055 | Zot:5    | Received a gift from Okawaru
 51712 | Slime:1  | Entered Level 1 of the Pits of Slime
 51757 | Slime:2  | Found a viscous altar of Jiyva.
 51963 | Slime:4  | Gained mutation: You occasionally shout uncontrollably at your foes. [a shining eye]
 51996 | Slime:5  | Gained mutation: You are dopey. (Int -2) [a shining eye]
 52030 | Slime:6  | Entered Level 6 of the Pits of Slime
 52149 | Slime:6  | Reached XP level 27. HP: 225/239 MP: 32/32
 52271 | Slime:6  | Noticed the Royal Jelly
 52398 | Slime:6  | Found a viscous altar of Jiyva.
 52410 | Slime:6  | Killed the Royal Jelly
 52410 | Slime:6  | Received a gift from Okawaru
 52452 | Slime:6  | Got a slimy rune of Zot
 52454 | Slime:6  | Got a bound steel ring
 52455 | Slime:6  | Identified the ring "Coehuid" {rC+ Int+3} (You found it on level 6 of the Pits of Slime)
 52531 | Slime:6  | Noticed butimsolazy's ghost (adept MiBe)
 52553 | Slime:6  | Killed butimsolazy's ghost
 52607 | Slime:6  | Got an ancient bone ring
 52627 | Slime:6  | Got a pitted turquoise ring
 52629 | Slime:6  | Identified the ring "Hijuk" {+Fly Int+4 Slay+3} (You found it on level 6 of the Pits of Slime)
 52630 | Slime:6  | Identified the ring "Bouwk" {Fragile rF+ MR++ Slay+5} (You found it on level 6 of the Pits of Slime)
 53085 | Temple   | Fell from the grace of Okawaru
 53085 | Temple   | Became a worshipper of the Shining One
 53327 | Crypt:1  | Entered Level 1 of the Crypt
 53409 | Crypt:1  | Reached * piety under the Shining One
 53454 | Crypt:1  | Reached skill level 15 in Evocations
 53493 | Crypt:1  | Found a magical portal.
 53496 | Crypt:1  | Reached ** piety under the Shining One
 53597 | WizLab   | Entered Iskenderun's Mystic Tower
 54345 | Crypt:1  | Reached *** piety under the Shining One
 54603 | Crypt:2  | Reached **** piety under the Shining One
 54603 | Crypt:2  | Noticed an ancient lich
 54745 | Crypt:1  | Killed an ancient lich
 54839 | Crypt:2  | Reached ***** piety under the Shining One
 55164 | Crypt:2  | Reached ****** piety under the Shining One
 55714 | Vaults:3 | Identified a broad axe of holy wrath (a broad axe blessed by the Shining One)
 55714 | Vaults:3 | Received a gift from the Shining One
 55805 | Crypt:3  | Entered Level 3 of the Crypt
 56087 | Crypt:3  | Reached skill level 10 in Invocations
 56221 | Crypt:3  | Found a basalt altar of Yredelemnul.
 56418 | Crypt:3  | Got a brightly glowing golden amulet
 56419 | Crypt:3  | Identified the amulet "Areosu" {Harm *Drain +Inv MR+ Str+7} (You found it on level 3 of the Crypt)
 56441 | Crypt:3  | Identified a +3 rod of inaccuracy (13/13) (You found it on level 3 of the Crypt)
 56683 | Crypt:3  | Found a staircase to the Tomb.
 57191 | Hell     | Entered the Vestibule of Hell
 57191 | Hell     | Noticed Geryon
 57218 | Hell     | Killed Geryon
 57282 | Hell     | Found a gateway to the freezing wastes of Cocytus.
 57329 | Hell     | Noticed an ancient lich
 57349 | Hell     | Killed an ancient lich
 57384 | Hell     | Found a gateway to the decaying netherworld of Tartarus.
 57461 | Hell     | Found a gateway to the ashen valley of Gehenna.
 57559 | Hell     | Found a gateway to the Iron City of Dis.
 57800 | Tar:1    | Entered Level 1 of Tartarus
 58947 | Tar:7    | Entered Level 7 of Tartarus
 59010 | Tar:7    | Reached skill level 15 in Invocations
 59319 | Tar:7    | Noticed Ereshkigal
 59370 | Tar:7    | Killed Ereshkigal
 59540 | Tar:7    | Got a bone rune of Zot
 59691 | Geh:1    | Entered Level 1 of Gehenna
 59707 | Geh:1    | Was forgiven by Okawaru
 60272 | Geh:2    | You fall through a shaft for 2 floors!
 60841 | Geh:7    | Entered Level 7 of Gehenna
 61324 | Geh:7    | Got a sparkling brass amulet
 61341 | Geh:7    | Noticed Asmodeus
 61354 | Geh:7    | Killed Asmodeus
 61390 | Geh:7    | Got a fine cloak
 61392 | Geh:7    | Got an obsidian rune of Zot
 61393 | Geh:7    | Identified the +0 cloak of Azuakk {MR- rCorr Dex+7 Stlth+} (You found it on level 7 of Gehenna)
 61394 | Geh:7    | Identified the amulet of the Tick {Spirit rElec rF+ Dex+2} (You took it off a crimson imp on level 7 of Gehenna)
 61554 | Dis:1    | Entered Level 1 of the Iron City of Dis
 63181 | Dis:7    | Entered Level 7 of the Iron City of Dis
 63384 | Dis:7    | Noticed ythm's ghost (legendary MiBe)
 63403 | Dis:7    | Killed ythm's ghost
 63502 | Dis:7    | Reached skill level 27 in Shields
 63880 | Dis:7    | Noticed Dispater
 63902 | Dis:7    | Killed Dispater
 63918 | Dis:7    | Got an iron rune of Zot
 64168 | Coc:1    | Entered Level 1 of Cocytus
 64565 | Coc:4    | Reached skill level 27 in Dodging
 65038 | Coc:7    | Entered Level 7 of Cocytus
 65448 | Coc:7    | Gained mutation: Potions and wands are less effective at restoring your health. [mutagenic glow]
 65502 | Coc:7    | Got a warped pewter amulet
 65503 | Coc:7    | Identified the amulet of Cowardice {Dismiss rElec Str+5} (You found it on level 7 of Cocytus)
 65510 | Coc:7    | Got a shimmering steel amulet
 65514 | Coc:7    | Identified the amulet of Hard Scrabble {-Tele +Rage MR+ Str+3 Int+7} (You found it on level 7 of Cocytus)
 65561 | Coc:7    | Drowned

Skill      XL: |  1  2  3  4  5  6  7  8  9 10 11 12 13 14 15 16 17 18 19 20 21 22 23 24 25 26 27 |
---------------+----------------------------------------------------------------------------------+-----
Shields        | 4 5 6 7 9 10 12 13 14 16 17 19 20 21 22 27 | 27.0
Fighting       | 4 5 6 7 8 10 11 12 13 15 16 17 18 19 20 21 22 23 24 25 26 | 26.6
Armour         | 4 5 6 7 8 10 11 12 14 15 16 17 18 19 20 21 22 23 24 25 | 25.9
Axes           | 3 4 5 6 7 9 10 11 13 14 15 16 17 18 19 | 19.2
Dodging        | 1 2 3 4 6 7 8 9 11 12 13 14 15 16 17 18 19 20 21 22 23 27 | 27.0
Invocations    | 5 8 22 | 22.9
Evocations     | 5 7 9 11 12 13 14 15 | 15.2

Action                   |  1- 3 |  4- 6 |  7- 9 | 10-12 | 13-15 | 16-18 | 19-21 | 22-24 | 25-27 || total
-------------------------+-------+-------+-------+-------+-------+-------+-------+-------+-------++-------
Melee: War axe           |    60 |   120 |   209 |       |       |       |       |       |       ||   389
       Headbutt          |    13 |    18 |    63 |   198 |   414 |   405 |   416 |   545 |  1547 ||  3619
       Battleaxe         |       |       |   182 |   268 |       |       |       |       |       ||   450
       Whip              |       |       |       |   540 |   408 |     7 |       |       |       ||   955
       Punch             |       |       |       |     3 |       |       |       |       |       ||     3
       Broad axe         |       |       |       |       |   992 |  1242 |  1241 |  1587 |  4320 ||  9382
Invok: Heroism           |       |       |       |     7 |     5 |    10 |     6 |     4 |     7 ||    39
       Finesse           |       |       |       |     3 |       |     4 |     2 |     2 |     2 ||    13
       Summon Divine War |       |       |       |       |       |       |       |       |    16 ||    16
       Divine Shield     |       |       |       |       |       |       |       |       |     1 ||     1
       Brand Weapon With |       |       |       |       |       |       |       |       |     1 ||     1
Evoke: Wand              |       |       |       |       |     1 |       |       |     6 |     5 ||    12
  Use: Potion            |       |     4 |     3 |     4 |     4 |     2 |     3 |     2 |    26 ||    48
       Scroll            |       |       |     8 |    13 |    13 |     7 |     6 |    13 |    40 ||   100
 Stab: Distracted        |       |       |       |       |     1 |     1 |     2 |     1 |       ||     5
  Eat: Chunk             |       |     5 |    11 |    20 |    21 |     8 |    10 |     3 |       ||    78
       Bread ration      |       |       |     1 |       |       |       |       |       |     3 ||     4
       Royal jelly       |       |       |       |     2 |       |     2 |     3 |     8 |    16 ||    31
       Beef jerky        |       |       |       |       |     4 |     4 |     2 |     2 |     1 ||    13
       Pizza             |       |       |       |       |     6 |     5 |       |     2 |       ||    13
       Fruit             |       |       |       |       |       |     8 |     5 |     3 |    20 ||    36
       Meat ration       |       |       |       |       |       |       |       |       |     1 ||     1
Armor: Scale mail        |     2 |       |       |       |       |       |       |       |       ||     2
       Chain mail        |    21 |    52 |    12 |       |       |       |       |       |       ||    85
       Plate armour      |       |       |   171 |   390 |   369 |   453 |   235 |       |       ||  1618
       Gold dragon armou |       |       |       |       |       |       |    45 |   376 |   822 ||  1243
Dodge: Dodged            |    11 |    25 |   124 |   340 |   441 |   658 |   412 |   447 |  1331 ||  3789
Block: Shield            |    37 |    58 |   127 |   322 |   831 |  1118 |   339 |       |       ||  2832
       Reflection        |       |       |       |       |       |    62 |    88 |   132 |   176 ||   458
       Large shield      |       |       |       |       |       |       |   766 |  1636 |  4597 ||  6999
